 Dungeon Crawl Stone Soup version 0.30-a0-879-ga8ba668304 (webtiles) character file.

Game seed: 18222119195262647615

100 AtlasWard the Trooper (level 4, -6/49 HPs)
             Began as an Ogre Cinder Acolyte on Mar 12, 2023.
             Was a High Priest of Ignis.
             Mangled by a black bear (7 damage)
             ... on level 3 of the Dungeon.
             The game lasted 00:07:19 (2260 turns).

AtlasWard the Trooper (Ogre Cinder Acolyte)         Turns: 2260, Time: 00:07:19

Health: -6/49      AC:  3    Str: 20    XL:     4   Next: 74%
Magic:  0/7        EV:  9    Int: 15    God:    Ignis [*****.]
Gold:   179        SH:  0    Dex:  4    Spells: 5/7 levels left

rFire   + . .      SeeInvis .    a - -1 mace (flame)
rCold   . . .      Faith    .    (no shield)
rNeg    . . .      Spirit   +    b - +0 robe
rPois   .          Reflect  .    (helmet restricted)
rElec   .          Rampage  .    (no cloak)
rCorr   .                        (gloves unavailable)
Will    .....                    (boots unavailable)
Stlth   +                        c - amulet of guardian spirit
HPRegen 0.28/turn                (no ring)
MPRegen 0.10/turn                (no ring)

@: no status effects
A: large, unfitting armour, tough skin 1
a: Renounce Religion, Fiery Armour, Foxfire Swarm, Rising Flame


You were on level 3 of the Dungeon.
You worshipped Ignis.
Ignis was extremely pleased with you.
You visited 1 branch of the dungeon, and saw 3 of its levels.

You collected 179 gold pieces.

Inventory:

Hand Weapons
 a - a -1 mace of flaming (weapon)
Missiles
 l - 6 poisoned darts (quivered)
Armour
 b - a +0 robe (worn)
Jewellery
 c - an amulet of guardian spirit (around neck)
Wands
 k - a wand of polymorph (26)
Scrolls
 d - a scroll of immolation {unknown}
 e - 2 scrolls of fear {unknown}
 f - a scroll of fog {unknown}
 g - 4 scrolls of identify {unknown}
 i - 3 scrolls of teleportation {unknown}
Potions
 j - 2 potions of lignification {unknown}


   Skills:
 + Level 4.8 Fighting
 * Level 3.7 Maces & Flails
 - Level 2.0 Spellcasting
 + Level 3.2 Fire Magic


You had 5 spell levels left.
You knew the following spells:

 Your Spells              Type           Power      Damage    Failure   Level
a - Scorch                Fire           22%        2d6       9%          2

Your spell library contained the following spells:

 Spells                   Type           Power      Damage    Failure   Level
 Sublimation of Blood     Necr           1%         N/A       32%         2
 Wereblood                Tmut           1%         N/A       32%         2
 Summon Hydra             Summ           0%         N/A       100%        7


Dungeon Overview and Level Annotations

Branches:
Dungeon (3/15)

Altars:
Fedhas


Innate Abilities, Weirdness & Mutations

You are too large for most types of armour.
You have tough skin. (AC +1)


Message History

The endoplasm freezes you.
You are frozen.
You hit the black bear. You burn the black bear.
The black bear is moderately wounded.
The black bear barely misses you. The black bear claws you. x2
The endoplasm freezes you.
You are frozen.
The black bear closely misses you. The black bear claws you.
The black bear completely misses you. The endoplasm freezes you.
You are frozen.
Okay, then.
You sock the endoplasm! You burn the endoplasm.
You kill the endoplasm!
Casting: Scorch (safe; 9% risk of failure)
Confirm with . or Enter, or press ? or * to list all spells.
Flames lash the black bear.
The black bear is heavily wounded.
The black bear's fire resistance burns away.
The black bear bites you. The black bear claws you. x2
The black bear attacks as you move away!
The black bear bites you. The black bear claws you.
The black bear claws you but does no damage.
The black bear attacks as you move away!
The black bear bites you. The black bear claws you.
* * * LOW HITPOINT WARNING * * *
The black bear claws you.
* * * LOW HITPOINT WARNING * * *
You hit the black bear. You burn the black bear.
The black bear is almost dead.
The black bear goes berserk!
You barely miss the black bear.
The black bear is almost dead.
The black bear bites you!
* * * LOW HITPOINT WARNING * * *
The black bear claws you.
* * * LOW HITPOINT WARNING * * *
The black bear claws you.
* * * LOW HITPOINT WARNING * * *
The black bear bites you!
You die...

##...# #.......#.# ##...#
#.####..#.####### #...#
#.####..#.......# #...#
##.......######### #...#
#.......## .....#
##.>.####.......# ...(.#
............###.####.....#
.............##.#........#
................@h##.......
##...####.#####.### .......
##...####... ...# .......
.......##.......# #######
.#...#.#######...
.#...#.### #.## .........#
#. .....#.#.# #. .....#.#.#


You could see a black bear (berserk, combustible).

Vanquished Creatures
  Ijyb (D:3)
  An adder (D:3)
  A worm (D:2)
  3 dart slugs
  An orc (D:3)
  8 ball pythons
  7 endoplasms
  2 giant cockroaches
  2 goblins (D:3)
  8 hobgoblins
  4 jackals (D:2)
  A quokka (D:2)
  2 bats (D:2)
  3 frilled lizards
  2 kobolds (D:3)
  7 rats
53 creatures vanquished.

Notes
Turn   | Place    | Note
-------+----------+-------------------------------------------
     0 | D:1      | AtlasWard the Ogre Cinder Acolyte began the quest for the
                  | Orb.
     0 | D:1      | Reached XP level 1. HP: 24/24 MP: 2/2
   141 | D:1      | Reached XP level 2. HP: 28/32 MP: 2/4
   341 | D:1      | Found a faded altar of an unknown god.
   371 | D:1      | Learned a level 2 spell: Scorch
   690 | D:2      | Reached XP level 3. HP: 40/40 MP: 5/5
  1566 | D:3      | Found a blossoming altar of Fedhas.
  1771 | D:3      | Noticed Ijyb
  1781 | D:3      | Reached XP level 4. HP: 49/49 MP: 7/7
  1814 | D:3      | Killed Ijyb
  2249 | D:3      | Noticed a black bear
  2260 | D:3      | HP: 2/49 [black bear (3)]
  2260 | D:3      | Mangled by a black bear

Illustrated notes

Levels and vault maps discovered:
D:1:      lemuel_arrival_cross, layout_rooms, nicolae_ecumenical_lake_church,
          hex_medium
D:2:      layout_loops_corners, minmay_tromino_v2
D:3:      layout_loops_cross, mainiacjoe_overflow_small_starburst,
          ebering_ghost_sewer_f, serial_shops, nicolae_shop_waterfront,
          corexii_shack, minmay_cut_off, uniq_ijyb

Skill      XL: |  1  2  3 |
---------------+----------+-----
Maces & Flails | 3 |  3.7
Fire Magic     | 3 |  3.2
Spellcasting   | 2 |  2.0
Fighting       | |  4.8

Action                     |  1- 3 |  4- 6 || total
---------------------------+-------+-------++-------
  Melee: Mace              |   125 |    52 ||   177
         Punch             |     1 |       ||     1
   Cast: Scorch            |       |     2 ||     2
 Invoke: Fiery Armour      |       |     1 ||     1
    Use: Potion            |     1 |     1 ||     2
 Armour: Robe              |    55 |    19 ||    74
  Dodge: Dodged            |    57 |    25 ||    82

Table legend: (Time is in decaauts)
 A = Elapsed time spent in this place.
 B = Non-inter-level travel time spent in this place.
 C = Inter-level travel time spent in this place.
 D = Time resting spent in this place.
 E = Time spent auto-exploring this place.
 F = Levels seen in this place.
 G = Mean time per level.
                   A        B        C        D        E       F      G
               +--------+--------+--------+--------+--------+-----+--------+
         Total |   2308 |   2224 |     84 |      0 |   1783 |   3 |  769.3 |
       Dungeon |   2308 |   2224 |     84 |      0 |   1783 |   3 |  769.3 |
               +--------+--------+--------+--------+--------+-----+--------+

Top non-repeatable levels by time:
     D:2: 959 daAuts
     D:3: 728 daAuts
     D:1: 621 daAuts
